 Dungeon Crawl Stone Soup version 0.19.5 (webtiles) character file.

516 Bybbax the Shooter (level 7, 0/61 HPs)
             Began as a Centaur Hunter on Mar 20, 2017.
             Killed by divine providence
             ... invoked by an orc priest
              (9 damage)
             ... on level 4 of the Dungeon.
             The game lasted 00:21:33 (6124 turns).

Bybbax the Shooter (Centaur Hunter)                 Turns: 6124, Time: 00:21:33

Health: 0/61       AC: 11    Str: 15 (17) XL:     7   Next: 0%
Magic:  7/7        EV:  4    Int:  8 (10) God:
Gold:   186        SH:  0    Dex:  5 (6)  Spells: 0 memorised, 6 levels left

rFire  . . .     SeeInvis .     a - +1 shortbow
rCold  . . .     Gourm    .     g - +1 chain mail
rNeg   . . .     Faith    +     (shield currently unavailable)
rPois  .         Spirit   .     (no helmet)
rElec  .         Reflect  .     o - +2 cloak
rCorr  .         Harm     .     (no gloves)
MR     .....     Rnd*Tele +     (no barding)
Stlth  ..........               D - amulet of faith
                                y - ring of teleportation (curse)
                                u - -3 ring of dexterity (curse)

@: very quick
A: hooves 3, deformed body, speed 2, tough skin 3
a: no special abilities


You were on level 4 of the Dungeon.
You were very hungry.

You visited 1 branch of the dungeon, and saw 4 of its levels.

You collected 186 gold pieces.

Inventory:

Hand Weapons
 a - a +1 shortbow (weapon)
 b - a +0 spear
 w - a +0 short sword
 A - a +0 club
Missiles
 d - 57 arrows (quivered)
 n - 23 bolts
Armour
 g - a +1 chain mail (worn)
 o - a +2 cloak (worn)
 p - a +0 ring mail
Jewellery
 u - a cursed -3 ring of dexterity (left hand)
 y - a cursed ring of teleportation (right hand)
 D - an amulet of faith (around neck)
Wands
 q - a wand of paralysis (6/24)
Scrolls
 e - 3 scrolls of identify
 k - a scroll of teleportation
 m - a scroll of magic mapping
 x - a scroll of recharging
Potions
 c - 2 potions of invisibility {unknown}
 h - 2 potions of curing
 i - a potion of lignification {unknown}
 j - a potion of heal wounds
 r - a potion of mutation {unknown}
 s - a potion of haste {unknown}
 t - a potion of flight {unknown}
 v - a potion of might {unknown}
Comestibles
 f - 4 bread rations
 C - a meat ration


   Skills:
 + Level 5.2 Fighting
 + Level 2.7 Polearms
 + Level 7.9 Bows
 - Level 1.3 Dodging
 - Level 0.4 Stealth


You had 6 spell levels left.
You didn't know any spells.

Dungeon Overview and Level Annotations

Branches:
Dungeon (4/15)
 Temple: D:4-7

Altars:
Dithmenos
Nemelex Xobeh


Innate Abilities, Weirdness & Mutations

You have hooves in place of feet.
Armour fits poorly on your strangely shaped body.
You cover ground very quickly.
You have extremely tough skin. (AC +3)


Message History

a - a +1 shortbow (weapon)
You are too injured to fight recklessly!
Firing (i - inventory):
d - 59 arrows (quivered)
Press: ? - help, Shift-Dir - straight line, f - orc
Aim: an orc, wearing a leather armour You shoot an arrow.
The arrow hits the orc.
The orc is severely wounded.
Firing (i - inventory):
d - 58 arrows (quivered)
Press: ? - help, Shift-Dir - straight line, f/p - orc
Aim: an orc, wearing a leather armour (severely wounded)
You shoot an arrow. The arrow hits the orc.
You kill the orc!
The orc priest casts a cantrip, but nothing happens.
You start resting.
The orc priest calls down the wrath of Beogh upon you.
Beogh smites you!
* * * LOW HITPOINT WARNING * * *
The orc priest calls down the wrath of Beogh upon you.
Beogh smites you!
You die...

#...##..########...
#..................
#..o##..##########.
##.###..# #......
#.# #..# ##.####.
#.# #..####(..###.
#.# #.......#.....
#.# #.#####...###.
#@# #.# ##.## ##
##.###.### #.#
#...##...####.#####
#.....#............
#...#.#..#....###..
#####.#.)#.#####.#>
#.#..#.####.##.
#.#..#.##......
#.#..#.##.#.##.


You could see an orc priest.

Vanquished Creatures
  An ogre (D:4)
  3 hounds (D:4)
  2 orc wizards
  An iguana (D:4)
  3 worker ants (D:4)
  3 gnolls
  6 adders
  A worm (D:4)
  2 dart slugs
  6 leopard geckos
  7 orcs
  8 bats
  6 giant cockroaches
  5 goblins
  12 hobgoblins
  3 jackals (D:3)
  10 kobolds
  2 quokkas
  8 frilled lizards
  11 rats
100 creatures vanquished.

Notes
Turn   | Place    | Note
-------+----------+-------------------------------------------
     0 | D:1      | Bybbax the Centaur Hunter began the quest for the Orb.
     0 | D:1      | Reached XP level 1. HP: 17/17 MP: 1/1
   337 | D:1      | Reached XP level 2. HP: 22/25 MP: 2/2
  1298 | D:1      | Reached skill level 6 in Bows
  1298 | D:1      | Reached XP level 3. HP: 18/31 MP: 3/3
  2514 | D:2      | Reached XP level 4. HP: 31/38 MP: 4/4
  3445 | D:3      | Found a shadowy altar of Dithmenos.
  3801 | D:3      | Reached XP level 5. HP: 45/46 MP: 5/5
  3818 | D:3      | Reached skill level 1 in Polearms
  4023 | D:4      | Noticed an ogre
  4057 | D:4      | Reached skill level 7 in Bows
  4438 | D:4      | Found a glowing drain.
  4524 | D:4      | Killed an ogre
  4524 | D:4      | Reached XP level 6. HP: 36/53 MP: 6/6
  5149 | D:4      | Reached skill level 5 in Fighting
  5786 | D:4      | Found a sparkling altar of Nemelex Xobeh.
  6052 | D:4      | Reached XP level 7. HP: 22/61 MP: 7/7
  6124 | D:4      | Killed from afar by an orc priest

Skill      XL: |  1  2  3  4  5  6 |
---------------+-------------------+-----
Fighting       | 3 4 5 |  5.2
Bows           | 6 7 |  7.9
Polearms       | 1 2 |  2.7
Dodging        | |  1.3
Stealth        | |  0.4

Action                   |  1- 3 |  4- 6 |  7- 9 || total
-------------------------+-------+-------+-------++-------
Melee: Short sword       |   188 |    61 |       ||   249
       Kick              |    20 |    31 |       ||    51
       Spear             |       |   202 |       ||   202
 Fire: Shortbow          |    21 |    76 |     2 ||    99
  Use: Scroll            |       |     6 |       ||     6
       Potion            |       |     2 |     2 ||     4
  Eat: Chunk             |     4 |     9 |       ||    13
Armor: Leather armour    |    62 |       |       ||    62
       Ring mail         |    44 |    52 |       ||    96
       Chain mail        |       |   139 |     2 ||   141
Dodge: Dodged            |   115 |    76 |     1 ||   192
